 Dungeon Crawl Stone Soup version 0.30-a0-118-ga018f8e90f (webtiles) character file.

Game seed: 6713795695155438994

194 Newt the Trooper (level 5, -1/42 HPs)
             Began as a Demonspawn Gladiator on Sept 13, 2022.
             Splashed by a jelly's acid (3 damage)
             ... on level 5 of the Dungeon.
             The game lasted 00:04:37 (4006 turns).

Newt the Trooper (Demonspawn Gladiator)             Turns: 4006, Time: 00:04:37

Health: -1/42      AC:  9    Str: 17    XL:     5   Next: 44%
Magic:  14/14      EV: 11    Int:  9    God:
Gold:   188        SH:  0    Dex: 14    Spells: 4/4 levels left

rFire   . . .      SeeInvis .    a - +0 rapier
rCold   . . .      Faith    .    (no shield)
rNeg    . . .      Spirit   .    u - +1 ring mail of Free Will {MP+9 Slay+3}
rPois   .          Reflect  .    (helmet restricted)
rElec   .          Harm     .    (no cloak)
rCorr   .          Rampage  .    (no gloves)
Will    .....                    h - +0 pair of boots
Stlth   +.........               (no amulet)
HPRegen 0.14/turn                (no ring)
MPRegen 0.14/turn                (no ring)

@: very slow
A: antennae 1, icy blue scales 1
a: no special abilities


You were on level 5 of the Dungeon.
You visited 1 branch of the dungeon, and saw 5 of its levels.

You collected 188 gold pieces.

Inventory:

Hand Weapons
 a - a +0 rapier (weapon)
Missiles
 d - 2 throwing nets (quivered)
 e - a javelin
Armour
 b - a +0 leather armour
 c - a +0 helmet
 h - a +0 pair of boots (worn)
 u - the +1 ring mail of Free Will (worn) {MP+9 Slay+3}
   (You found it on level 3 of the Dungeon)

   Slay:      It affects your accuracy & damage with ranged weapons and melee
   (+3).
   MP:        It affects your magic capacity (+9).
Wands
 s - a wand of quicksilver (4)
 v - a wand of paralysis (4)
Scrolls
 f - a scroll of magic mapping
 g - a scroll of poison
 j - 2 scrolls of noise
 k - a scroll of immolation
 l - 2 scrolls of teleportation
 q - a scroll of enchant weapon
 r - a scroll of amnesia
 x - 3 scrolls of vulnerability
 y - a scroll of butterflies {unknown}
 z - a scroll of identify
Potions
 i - 2 potions of invisibility
 m - 2 potions of resistance {unknown}
 n - 2 potions of attraction
 o - a potion of cancellation
 p - 2 potions of curing
 t - 2 potions of flight {unknown}
 w - a potion of magic {unknown}


   Skills:
 - Level 4.0 Fighting
 - Level 4.0 Short Blades
 - Level 1.7 Throwing
 - Level 2.6 Dodging
 + Level 2.3 Stealth


You had 4 spell levels left.
You didn't know any spells.
Your spell library contained the following spells:

 Spells                   Type           Power      Damage    Failure   Level
 Ensorcelled Hibernation  Hex/Ice        0%         N/A       75%         2
 Passwall                 Tmut/Erth      0%         N/A       75%         2
 Swiftness                Air            0%         N/A       92%         3


Dungeon Overview and Level Annotations

Branches:
Dungeon (5/15)
 Temple: D:4-7

Altars:

Shops:
D:4 ([[[


Innate Abilities, Weirdness & Mutations

You have a pair of small antennae on your head.
You are partially covered in icy blue scales. (AC +2)


Message History

Your unstable footing causes you to fumble your attack.
The jelly closely misses you.
Your unstable footing causes you to fumble your attack.
The jelly closely misses you.
You hit the jelly.
Your hands burn!
The jelly is moderately wounded.
The jelly misses you.
You hit the jelly.
Your hands burn!
* * * LOW HITPOINT WARNING * * *
The jelly is heavily wounded.
The jelly hits you but does no damage.
Unknown command.
Your unstable footing causes you to fumble your attack.
The jelly hits you but does no damage.
Unknown command.
You hit the jelly.
Your hands burn!
* * * LOW HITPOINT WARNING * * *
The jelly is severely wounded.
The jelly hits you but does no damage.
Unknown command.
Your unstable footing causes you to fumble your attack.
The jelly hits you.
* * * LOW HITPOINT WARNING * * *
You are splashed with acid!
* * * LOW HITPOINT WARNING * * *
Unknown command.
Unknown command.
Throw: 3 throwing nets
Press: ? - help, Q - select action, (/) - cycle Shift-Dir - straight line, f - jelly
Aim: a jelly (severely wounded, 90% to hit)
You throw a throwing net. The throwing net hits the jelly.
The jelly is caught in the net!
The jelly is severely wounded.
You hear a splash.
Your unstable footing causes you to fumble your attack.
The jelly struggles against the net.
Your unstable footing causes you to fumble your attack.
The jelly struggles against the net.
You hit the jelly but do no damage.
Your hands burn!
You die...

♣~~≈≈≈≈≈≈≈~~~~#
####.###
♣~~≈≈≈≈≈≈≈~♣♣♣#
#...#
♣P≈≈≈≈≈≈≈≈≈~
#.### ~♣~≈≈≈≈≈≈≈
#.# ♣~~≈≈≈≈≈≈≈≈
#.# ~~~~≈≈≈≈≈≈≈
#.# #♣♣P♣≈≈≈≈≈≈≈≈
#.#
≈≈≈≈≈≈≈~~♣♣####.#
≈≈≈P~~J@.....#
~~~~~♣♣#######
~~♣


You could see a jelly (caught).

Vanquished Creatures
  Natasha (thrice) (D:3)
  3 adders
  A dart slug (D:3)
  3 orcs (D:5)
  10 ball pythons
  3 bats (D:1)
  6 endoplasms
  5 giant cockroaches
  3 goblins
  17 hobgoblins
  4 jackals (D:3)
  7 kobolds
  4 quokkas
  3 frilled lizards
  7 rats
79 creatures vanquished.

Notes
Turn   | Place    | Note
-------+----------+-------------------------------------------
     0 | D:1      | Newt the Demonspawn Gladiator began the quest for the Orb.
     0 | D:1      | Reached XP level 1. HP: 16/16 MP: 1/1
   185 | D:1      | Reached skill level 1 in Stealth
   191 | D:1      | Gained mutation: You are partially covered in icy blue
                  | scales. (AC +2) [demonic ancestry]
   191 | D:1      | Reached XP level 2. HP: 9/22 MP: 2/2
   649 | D:1      | Gained mutation: You have a pair of small antennae on your
                  | head. [demonic ancestry]
   649 | D:1      | Reached XP level 3. HP: 18/28 MP: 3/3
  1757 | D:2      | Reached XP level 4. HP: 37/37 MP: 4/4
  1861 | D:2      | Identified the +0 leather armour of the Lusting Gods {rC+}
  2064 | D:3      | Found a faded altar of an unknown god.
  2095 | D:3      | Identified the +1 ring mail of Free Will {MP+9 Slay+3}
  2449 | D:3      | Noticed Natasha
  2462 | D:3      | Killed Natasha
  2895 | D:3      | Noticed Natasha
  2913 | D:3      | Killed Natasha
  2914 | D:3      | Reached XP level 5. HP: 22/42 MP: 5/5
  2978 | D:3      | Noticed Natasha
  2987 | D:3      | Killed Natasha
  3367 | D:4      | Found Urauwn's Armour Boutique.
  3489 | D:4      | Found Gollodd's Antique Armour Boutique.
  3600 | D:4      | Found Wesuliw's Weapon Shop.
  3614 | D:4      | Found Tooxy's Antique Armour Emporium.
  3902 | D:5      | Entered Level 5 of the Dungeon
  4002 | D:5      | HP: 2/42 [acid (8)]
  4006 | D:5      | Splashed by a jelly's acid

Illustrated notes

Levels and vault maps discovered:
D:1:      matt_arrival_spirals, layout_rooms, minmay_surrounded
D:2:      layout_rooms, minmay_octomino_c4
D:3:      layout_loops_ring, shapermc_ecumenical_altar_starsandcircs,
          st_stairs_14, uniq_natasha
D:4:      layout_cave_pools, serial_shops, nicolae_shop_hallway_stairs,
          nicolae_stop_n_shop_2, nicolae_shop_bloodbath_and_beyond,
          nicolae_inconvenience_store
D:5:      layout_loops_cross, minmay_temple_entry_fiery, serial_bayou,
          serial_bayou_pond_e, serial_bayou_pond_e, serial_bayou_lake_a,
          serial_bayou_pond_e

Skill      XL: |  1  2  3  4  5 |
---------------+----------------+-----
Stealth        | 1 2 |  2.3
Fighting       | 3 4 |  4.0
Short Blades   | 3 4 |  4.0
Throwing       | |  1.7
Dodging        | |  2.6

Action                   |  1- 3 |  4- 6 || total
-------------------------+-------+-------++-------
Melee: Rapier            |   143 |   106 ||   249
       Punch             |     1 |     2 ||     3
Throw: Throwing net      |     3 |     1 ||     4
  Use: Scroll            |     5 |     6 ||    11
       Potion            |     1 |     3 ||     4
 Stab: Sleeping          |     5 |     3 ||     8
Armor: Leather armour    |    90 |     4 ||    94
       Ring mail         |       |    30 ||    30
Dodge: Dodged            |   110 |    44 ||   154

Table legend: (Time is in decaauts)
 A = Elapsed time spent in this place.
 B = Non-inter-level travel time spent in this place.
 C = Inter-level travel time spent in this place.
 D = Time resting spent in this place.
 E = Time spent auto-exploring this place.
 F = Levels seen in this place.
 G = Mean time per level.
                   A        B        C        D        E       F      G
               +--------+--------+--------+--------+--------+-----+--------+
         Total |   4040 |   3947 |     93 |    722 |   2630 |   5 |  808.0 |
       Dungeon |   4040 |   3947 |     93 |    722 |   2630 |   5 |  808.0 |
               +--------+--------+--------+--------+--------+-----+--------+

Top non-repeatable levels by time:
     D:3: 1360 daAuts
     D:1: 1352 daAuts
     D:4: 615 daAuts
     D:2: 596 daAuts
     D:5: 115 daAuts
